 Dungeon Crawl Stone Soup version 0.25-a0-661-g55ea3d2053 (console) character file.

Game seed: 13891037504664353499, levelgen mode: deterministic

231002 utis the Devastator (level 19, -25/107 HPs)
             Began as a Tengu Conjurer on Mar 20, 2020.
             Killed from afar by Frederick (54 damage)
             ... with a lance of force
             ... on level 2 of the Vaults on Mar 23, 2020.
             The game lasted 03:34:39 (68005 turns).

utis the Devastator (Tengu Conjurer)               Turns: 68005, Time: 03:34:40

Health: -25/107    AC: 17    Str:  9    XL:     19   Next: 49%
Magic:  47/47      EV: 28    Int: 21    God:
Gold:   596        SH:  7    Dex: 17    Spells: 6/46 levels left

rFire    . . .     SeeInvis +   a - +4 eveningstar (drain)
rCold    . . .     Gourm    .   g - +2 buckler
rNeg     . . .     Faith    .   z - +0 acid dragon scales
rPois    .         Spirit   .   n - +2 hat {MR+}
rElec    .         Reflect  .   i - +2 cloak
rCorr    +         Harm     .   H - +2 pair of gloves
MR       ++...                  (boots unavailable)
Stlth    ++........             G - amulet of magic regeneration {@e1}
HPRegen  0.27/turn              T - ring of magical power
MPRegen  0.55/turn              v - ring of see invisible

@: flying quickly and evasively, studying Dodging, lightly drained, quick
A: beak, talons 3, frail 1, able to fly
}: 1/15 runes: serpentine
a: Stop Flying


You were on level 2 of the Vaults.
You were not hungry.

You visited 5 branches of the dungeon, and saw 29 of its levels.
You also visited: Ice Cave.

You collected 3480 gold pieces.
You spent 2884 gold pieces at shops.

Inventory:

Hand Weapons
 a - a +4 eveningstar of draining (weapon)
 s - the +7 whip of Woe {drain, rElec}
   (You found it on level 2 of the Lair of Beasts)

   A truly terrible weapon, it drains the life of those it strikes.
   It insulates you from electricity.
 x - the +6 hunting sling "Xymelian" {flame, rElec rPois}
   (You found it in an ice cave)

   It causes projectiles fired from it to burn those they strike, causing extra
   injury to most foes and up to half again as much damage against particularly
   susceptible opponents.
   It insulates you from electricity.
   It protects you from poison.
Missiles
 p - 10 javelins (quivered)
 O - 4 atropa-tipped darts
Armour
 g - a +2 buckler (worn)
 i - a +2 cloak (worn)
 n - a +2 hat of magic resistance (worn)
 y - a scarf of cloud immunity
 z - +0 acid dragon scales (worn)
 H - a +2 pair of gloves (worn)
Magical Staves
 b - an uncursed staff of conjuration {!a@e1}
Jewellery
 f - an uncursed ring of protection from fire
 k - an uncursed ring of resist corrosion
 v - a ring of see invisible (right hand)
 E - a +4 ring of evasion
 F - an uncursed ring of protection from fire
 G - an amulet of magic regeneration (around neck) {@e1}
 M - an uncursed ring of protection from magic
 T - a ring of magical power (left hand)
 W - a cursed -3 ring of evasion
Wands
 d - a wand of clouds (6)
 I - a wand of flame (53)
 K - a wand of disintegration (17) {@e1}
 L - a wand of acid (33)
 R - a wand of paralysis (43)
 S - a wand of iceblast (5)
Scrolls
 q - 11 scrolls of remove curse {@r2}
 r - 2 scrolls of fear
 u - a scroll of holy word
 w - 3 scrolls of vulnerability
 A - 9 scrolls of teleportation {@r4}
 B - 2 scrolls of identify {@r1}
 D - 6 scrolls of enchant armour
 J - 3 scrolls of magic mapping
 N - 3 scrolls of fog
 Q - a scroll of blinking
 X - a scroll of silence {!r}
 Z - 5 scrolls of amnesia
Potions
 h - 2 potions of haste {@q3}
 j - 7 potions of curing {@q1}
 l - 4 potions of stabbing
 m - 4 potions of magic
 o - 8 potions of cancellation
 t - a potion of resistance
 C - 2 potions of heal wounds {@q2}
 P - a potion of invisibility
 V - 4 potions of brilliance
Books
 Y - a manual of Dodging
Miscellaneous
 e - a fan of gales
Comestibles
 c - 17 rations {@e1}
 U - 3 chunks of flesh


   Skills:
 + Level 13.1(12.5) Fighting
 - Level 12.0(11.4) Maces & Flails
 + Level 9.0(8.5) Armour
 + Level 18.6(18.0) Dodging
 - Level 2.0(1.6) Stealth
 - Level 4.0(3.6) Shields
 - Level 14.0(13.4) Spellcasting
 - Level 19.0(18.4) Conjurations
 - Level 5.0(4.5) Hexes
 - Level 3.0(2.6) Charms
 - Level 4.0(3.6) Translocations
 - Level 5.0(4.5) Transmutations
 - Level 5.0(4.5) Evocations


You had 6 spell levels left.
You knew the following spells:

 Your Spells              Type           Power        Failure   Level  Hunger
a - Magic Dart            Conj           ####         0%          1    None
b - Iskenderun's Mystic   Conj/Tloc      ######..     1%          4    None
d - Mephitic Cloud        Conj/Pois/Air  #####...     1%          3    None
f - Conjure Flame         Conj/Fire      ######..     1%          3    None
k - Iskenderun's Battles  Conj/Chrm      ######..     2%          5    ###....
o - Orb of Destruction    Conj           #######...   3%          7    ######.
p - Fulminant Prism       Conj/Hex       ######....   1%          4    None
t - Irradiate             Conj/Tmut      ######....   1%          5    ###....
v - Blink                 Tloc           N/A          2%          2    None
y - Searing Ray           Conj           ######       0%          2    None
B - Summon Butterflies    Summ           ##......     8%          1    None
Y - Dazzling Flash        Conj/Hex       ######       1%          3    None

Your spell library contained the following spells:

 Spells                   Type           Power        Failure   Level  Hunger
 Apportation              Tloc           ####..       1%          1    None
 Corona                   Hex            ####...      1%          1    None
 Slow                     Hex            ####....     1%          2    None
 Stone Arrow              Conj/Erth      ######       1%          3    None
 Ensorcelled Hibernation  Hex/Ice        ###...       4%          2    None
 Passwall                 Tmut/Erth      ###.....     4%          2    None
 Animate Skeleton         Necr           N/A          8%          1    None
 Sandblast                Erth           ##....       8%          1    None
 Summon Small Mammal      Summ           ##..         8%          1    None
 Call Imp                 Summ           ##......     11%         2    None
 Bolt of Magma            Conj/Fire/Erth #####.....   16%         5    ###....
 Iron Shot                Conj/Erth      ######....   26%         6    #####..
 Leda's Liquefaction      Hex/Erth       ###.......   28%         4    None
 Petrify                  Tmut/Erth      ###.....     28%         4    None
 Summon Lightning Spire   Summ/Air       ##......     58%         4    None
 Hydra Form               Tmut           ####......   86%         6    #####..
 Lee's Rapid Deconstruct  Erth           ##........   90%         5    ###....
 Statue Form              Tmut/Erth      ###......    99%         6    #####..
 Simulacrum               Ice/Necr       ##........   100%        6    #####..
 Spellforged Servitor     Conj/Summ      ######....   82%         7    ######.
 Dragon Form              Tmut           ####......   100%        7    ######.
 Summon Hydra             Summ           ##........   100%        7    ######.


Dungeon Overview and Level Annotations

Branches:
Dungeon (15/15)            Temple (0/1) D:4            Lair (6/6) D:10
 Shoals (0/4) Lair:2        Snake (4/4) Lair:3        Slime (0/5) Lair:5
    Orc (2/2) D:11            Elf (0/3) Orc:2        Vaults (2/5) D:13
 Depths (0/5) D:15          IceCv (visited)
  Crypt: Vaults:2-3

Altars:
Ashenzari
Cheibriados
Elyvilon
Fedhas
Hepliaklqana
Kikubaaqudgha
Makhleb
Nemelex Xobeh
Okawaru
Qazlal
Ru
Sif Muna
Trog
Uskayaw
Wu Jian
Yredelemnul
Beogh
Jiyva

Shops:
D:5 !   D:6 [   D:11 ?   D:12 (   Orc:2 *}*%   Snake:3 %   Snake:4 :}!

Annotations:
D:5 3 runed translucent doors, xnihilo's ghost, novice HOFi
D:9 exclusions: ice statue and obsidian statue
Lair:3 3 runed translucent doors, exclusion: oklob plant, Scuka's ghost, journeyman DsGl
Lair:4 1 runed translucent door
Lair:5 2 transporters, Qeorph's ghost, journeyman FoAK
Vaults:2 Frederick


Innate Abilities, Weirdness & Mutations

You have a beak for a mouth.
You have claws for feet.
You can fly continuously.
You are frail. (-10% HP)


Message History

You hit the ettin.
The ettin is almost dead.
The ettin completely misses you. x2
You barely miss the ettin.
The ettin is almost dead.
You block the ettin's attack.
The ettin hits you with a +0 dire flail!!
* * * LOW HITPOINT WARNING * * *
You are too injured to fight recklessly!
You are too injured to fight recklessly!
You hit the ettin.
The ettin is almost dead.
The ettin barely misses you. You block the ettin's attack.
You impale the ettin!!
You kill the ettin!
Frederick the Flawless comes into view.
He is wielding a +1 glaive.
Frederick casts a spell at you. The lance of force hits you!!!
Ouch! That really hurt!
You die...

▒▒.▒▒...▒......▒
.▒▒▒....'......▒
▒▒.▒▒...▒▒▒▒▒▒▒▒
▒...▒▒..▒ .....▒▒.▒
........▒
▒▒▒▒▒▒'▒▒▒▒▒▒▒▒▒▒▒▒▒▒▒
▒...▒▒.▒▒...@...▒ ▒
▒...▒▒.▒▒..Q▒...▒ C▒
▒...........▒...▒▒.▒▒€..
▒▒▒.......▒▒▒▒▒▒.....▒
▒▒▒.......▒▒▒ ▒..C..▒
▒...........▒ ........p
▒▒▒.......▒▒▒ .▒.....▒..
▒.▒▒▒.......▒▒▒▒▒▒.....▒
▒
▒.'...........'...▒▒.▒▒..
.....▒...▒▒.▒▒...▒...▒ ..
...


You could see Frederick.

Vanquished Creatures
  9 nagarajas
  A frost giant (D:15)
  An ironheart preserver (Vaults:1)
  Nessos (Orc:2)
  A stone giant (Vaults:1)
  An entropy weaver (Vaults:1)
  2 ettins
  6 yaktaur captains
  A great orb of eyes (Vaults:1)
  Harold (D:7)
  An ice dragon (Vaults:1)
  6 hydras
  Erolcha (Orc:1)
  A rakshasa (Vaults:1)
  8 vault guards
  3 catoblepae (Lair:6)
  17 naga warriors
  Erica (D:10)
  7 ogre magi
  28 two-headed ogres
  4 centaur warriors
  7 anacondas
  6 death yaks
  3 tengu warriors
  15 naga sharpshooters
  A dancing weapon (Vaults:1)
  3 orc high priests
  Urug (Orc:2)
  7 shock serpents
  A deep elf knight (Vaults:2)
  5 salamander mystics
  An unseen horror (shapeshifter) (Vaults:1)
  2 deep trolls (Orc:1)
  3 unseen horrors
  2 sea snakes (Snake:2)
  A phantasmal warrior (Vaults:1)
  2 wizards
  2 ironbrand convokers (Vaults:1)
  13 naga ritualists
  15 mana vipers
  A necromancer (Vaults:1)
  An oklob plant (Orc:2)
  7 orc knights
  2 orc sorcerers
  2 wolf spiders
  5 deep elf magi
  21 ugly things
  16 salamanders
  5 manticores
  A tengu skeleton (Vaults:1)
  10 cyclopes
  15 elephants
  Maurice (D:11)
  18 naga magi
  2 centaur zombies
  3 vault sentinels (Vaults:1)
  A gargoyle (D:10)
  15 guardian serpents
  39 black mambas
  3 ice statues (IceCv)
  12 spiny frogs
  9 komodo dragons
  14 yaktaurs
  A rime drake (shapeshifter) (D:13)
  6 rime drakes
  An efreet (D:13)
  3 freezing wraiths
  3 tengu conjurers (D:15)
  A komodo dragon (shapeshifter) (Vaults:1)
  A queen bee (Lair:2)
  A jumping spider (Vaults:2)
  A queen bee (shapeshifter) (Vaults:1)
  A polar bear (Lair:2)
  13 trolls
  Grinder (D:5)
  Prince Ribbit (D:5)
  A hornet (D:8)
  A raiju (shapeshifter) (Vaults:1)
  17 blink frogs
  6 dream sheep (Lair:6)
  9 hippogriffs
  6 slime creatures (Vaults:1)
  3 human simulacra
  A centaur simulacrum (D:15)
  2 shadows
  A tarantella (shapeshifter) (Vaults:1)
  2 redbacks
  5 water elementals
  2 vampires
  8 wyverns
  54 yaks
  2 hungry ghosts
  2 basilisks (Lair:3)
  6 vampire mosquitoes (D:14)
  74 nagas
  3 wargs
  A soldier ant (D:11)
  3 acid dragons
  11 water moccasins
  8 porcupines
  39 orc warriors
  2 eyes of draining
  A black bear (Lair:2)
  10 ice beasts
  4 sky beasts
  An orc zombie (Vaults:1)
  16 centaurs
  A human zombie (Vaults:1)
  37 ogres
  14 wolves
  A boggart (Vaults:1)
  11 crocodiles
  A big kobold (D:8)
  20 bullfrogs
  A yaktaur skeleton (Vaults:1)
  A wyvern zombie (D:12)
  An ogre simulacrum (Vaults:1)
  9 scorpions
  A hornet simulacrum (Vaults:1)
  44 killer bees
  9 wights
  4 electric eels
  4 crimson imps
  3 bullfrog zombies
  9 hounds
  6 jellies
  23 orc wizards
  21 orc priests
  2 bullfrog skeletons
  3 iron imps (D:3)
  Crazy Yiuf (D:7)
  3 centaur skeletons
  5 iguanas
  A hell rat (Lair:2)
  15 worker ants
  3 hound zombies
  10 gnolls
  A howler monkey skeleton (D:6)
  15 adders
  A shadow imp (D:7)
  12 white imps (D:13)
  4 adder skeletons
  A worm (D:3)
  2 dart slugs
  2 leopard geckos
  106 orcs
  A bat (D:1)
  11 giant cockroaches
  12 goblins
  12 hobgoblins
  15 jackals
  12 kobolds
  4 quokkas
  5 frilled lizards
  A leopard gecko skeleton (D:9)
  12 rats
  A butterfly (Lair:2)
1223 creatures vanquished.

Vanquished Creatures (others)
  A rakshasa (Vaults:1)
  A naga warrior (Snake:3)
  A naga mage (Snake:3)
  An orc wizard (Orc:2)
  39 fulminant prisms
  10 fungi
  9 plants
62 creatures vanquished.

Grand Total: 1285 creatures vanquished

Notes
Turn   | Place    | Note
-------+----------+-------------------------------------------
     0 | D:1      | utis the Tengu Conjurer began the quest for the Orb.
     0 | D:1      | Reached XP level 1. HP: 10/10 MP: 4/4
   112 | D:1      | Reached XP level 2. HP: 5/15 MP: 0/6
   167 | D:1      | Learned a level 2 spell: Searing Ray
   847 | D:1      | Reached XP level 3. HP: 17/19 MP: 7/7
   904 | D:1      | Reached skill level 6 in Conjurations
  1398 | D:2      | Found a hazy altar of Hepliaklqana.
  1717 | D:2      | Found a shimmering blue altar of Sif Muna.
  1961 | D:3      | Reached XP level 4. HP: 17/24 MP: 6/8
  2050 | D:3      | Found an ancient bone altar of Kikubaaqudgha.
  2245 | D:3      | Found a burning altar of Makhleb.
  2290 | D:3      | Gained mutation: You can fly continuously. [Tengu growth]
  2290 | D:3      | Reached XP level 5. HP: 28/28 MP: 6/9
  2296 | D:3      | Reached skill level 7 in Conjurations
  2375 | D:3      | Learned a level 3 spell: Dazzling Flash
  2584 | D:3      | Found a stormy altar of Qazlal.
  2585 | D:3      | Found a blossoming altar of Fedhas.
  3299 | D:4      | Found a sparkling altar of Nemelex Xobeh.
  3320 | D:4      | Found a staircase to the Ecumenical Temple.
  3382 | D:4      | Reached skill level 5 in Dodging
  3382 | D:4      | Reached XP level 6. HP: 32/32 MP: 7/10
  3527 | D:4      | Reached skill level 8 in Conjurations
  3782 | D:4      | Reached XP level 7. HP: 33/36 MP: 3/11
  4367 | D:4      | Noticed a +0 dagger
  4367 | D:4      | Noticed a +0 hand axe
  4368 | D:4      | Found a hide-covered altar of Uskayaw.
  4814 | D:5      | Entered Level 5 of the Dungeon
  4978 | D:5      | Found a runed translucent door.
  4980 | D:5      | Noticed xnihilo's ghost (novice HOFi)
  5053 | D:5      | Noticed Grinder
  5077 | D:5      | Reached skill level 9 in Conjurations
  5089 | D:5      | Paralysed by Grinder for 4 turns
  5316 | D:5      | Killed Grinder
  5316 | D:5      | Reached XP level 8. HP: 7/41 MP: 0/12
  5588 | D:5      | Learned a level 4 spell: Fulminant Prism
  5765 | D:5      | Reached skill level 1 in Fighting
  5848 | D:5      | Found Liunyun's Distillery.
  5854 | D:5      | Bought a potion of heal wounds for 75 gold pieces
  6025 | D:5      | Found a runed translucent door.
  6041 | D:5      | Found a runed translucent door.
  6093 | D:5      | Reached skill level 10 in Conjurations
  6093 | D:5      | Reached skill level 1 in Hexes
  6240 | D:5      | Found a shattered altar of Ashenzari.
  6503 | D:5      | Found a snail-covered altar of Cheibriados.
  6667 | D:5      | Noticed Prince Ribbit
  6690 | D:5      | Killed Prince Ribbit
  7281 | D:5      | Found an iron altar of Okawaru.
  7435 | D:6      | Reached XP level 9. HP: 47/50 MP: 13/13
  7625 | D:6      | Found a stormy altar of Qazlal.
  7739 | D:6      | Found Daised's Antique Armour Shop.
  8555 | D:6      | Reached skill level 11 in Conjurations
  8641 | D:6      | Identified Sif Muna's Incunabulum of the Mountains
  9755 | D:7      | Found a white marble altar of Elyvilon.
 10143 | D:7      | Reached skill level 5 in Fighting
 10356 | D:7      | Found a runed translucent door.
 10357 | D:7      | Noticed Crazy Yiuf
 10412 | D:7      | Reached XP level 10. HP: 35/59 MP: 14/14
 10637 | D:7      | Killed Crazy Yiuf
 10825 | D:8      | Noticed Harold
 11330 | D:8      | Reached skill level 12 in Conjurations
 11578 | D:7      | Killed Harold
 12188 | D:7      | Found a white marble altar of Elyvilon.
 12820 | D:7      | Found a white marble altar of Elyvilon.
 13150 | D:7      | Found a white marble altar of Elyvilon.
 13891 | D:6      | Bought a runed cloak for 195 gold pieces
 13901 | D:6      | Bought an opalescent robe for 148 gold pieces
 13911 | D:6      | Identified the +1 robe "Umyjeh" {*Contam rF+ MR++} (You
                  | bought it in a shop on level 6 of the Dungeon)
 14324 | D:8      | Reached skill level 10 in Dodging
 14489 | D:8      | Found a shimmering blue altar of Sif Muna.
 14715 | D:9      | Noticed a two-headed ogre
 15389 | D:9      | Reached skill level 5 in Hexes
 15442 | D:9      | Killed a two-headed ogre
 15442 | D:9      | Reached skill level 13 in Conjurations
 15442 | D:9      | Reached XP level 11. HP: 36/67 MP: 3/15
 15664 | D:9      | Upgraded the game from 0.25-a0-635-g0c6c292ef3 to
                  | 0.25-a0-647-gd602d06ee1
 15747 | D:9      | Noticed an obsidian statue
 15749 | D:9      | Noticed a sun demon
 16178 | D:9      | Found a sacrificial altar of Ru.
 16243 | D:9      | Learned a level 4 spell: Iskenderun's Mystic Blast
 16471 | D:9      | Noticed a deep elf mage
 16478 | D:9      | Killed a deep elf mage
 16478 | D:9      | Reached skill level 1 in Translocations
 16614 | D:10     | Entered Level 10 of the Dungeon
 16931 | D:10     | Found a staircase to the Lair.
 18123 | D:10     | Noticed Erica
 18136 | D:10     | Killed Erica
 18288 | D:11     | Found Pogin's Magic Scroll Boutique.
 18288 | D:11     | Noticed a cyclops
 18303 | D:11     | Killed a cyclops
 18303 | D:11     | Reached skill level 5 in Spellcasting
 18409 | D:11     | Bought a scroll of teleportation for 36 gold pieces
 18409 | D:11     | Bought a scroll of fear for 42 gold pieces
 18410 | D:11     | Bought a scroll of identify for 24 gold pieces
 18410 | D:11     | Bought a scroll of identify for 24 gold pieces
 18410 | D:11     | Bought a scroll of identify for 24 gold pieces
 18423 | D:11     | Noticed a two-headed ogre
 18433 | D:11     | Killed a two-headed ogre
 18433 | D:11     | Reached skill level 1 in Armour
 18863 | D:11     | Found an ornate altar of the Wu Jian Council.
 18918 | D:11     | Noticed a two-headed ogre
 18930 | D:11     | Killed a two-headed ogre
 19040 | D:11     | Noticed a purple ugly thing
 19057 | D:11     | Killed a red ugly thing
 19057 | D:11     | Reached XP level 12. HP: 73/73 MP: 3/20
 19485 | D:11     | Noticed Maurice
 19508 | D:11     | Killed Maurice
 19666 | D:11     | Found a roughly hewn altar of Beogh.
 19668 | D:11     | Found a staircase to the Orcish Mines.
 20383 | Lair:1   | Entered Level 1 of the Lair of Beasts
 20540 | Lair:1   | Reached skill level 1 in Evocations
 21737 | Lair:2   | Found a staircase to the Shoals.
 22055 | Lair:2   | Reached skill level 5 in Evocations
 22620 | Lair:2   | Got a scorched whip
 22621 | Lair:2   | Identified the +7 whip of Woe {drain, rElec} (You found it
                  | on level 2 of the Lair of Beasts)
 22798 | Lair:2   | Reached skill level 1 in Maces & Flails
 23441 | Lair:2   | Reached XP level 13. HP: 41/80 MP: 1/21
 24188 | Lair:2   | Reached skill level 5 in Maces & Flails
 24267 | Lair:2   | Reached skill level 14 in Conjurations
 24357 | Lair:2   | Learned a level 5 spell: Irradiate
 25099 | Lair:3   | Found a staircase to the Snake Pit.
 25493 | Lair:3   | Reached skill level 1 in Transmutations
 25677 | Lair:3   | Found a runed translucent gate.
 25677 | Lair:3   | Found a runed translucent gate.
 25678 | Lair:3   | Found a runed translucent gate.
 25691 | Lair:3   | Noticed Scuka's ghost (journeyman DsGl)
 26054 | Lair:3   | Noticed a death ooze
 26258 | Lair:3   | Found a viscous altar of Jiyva.
 27364 | Lair:4   | Found a hide-covered altar of Uskayaw.
 28124 | Lair:4   | Found a runed translucent door.
 28379 | Lair:5   | Identified the cursed +1 trident of the Rat {vamp, rElec
                  | rC+++ MR- Stlth-}
 28380 | Lair:5   | Identified the +10 spear of Callousness {flame, rPois Str+4
                  | Int-5}
 28384 | Lair:5   | Found a transporter.
 28569 | Lair:5   | Noticed Qeorph's ghost (journeyman FoAK)
 29304 | Lair:5   | Reached XP level 14. HP: 82/87 MP: 25/25
 29626 | Lair:5   | Found a transporter.
 29630 | Lair:5   | Found a bloodstained altar of Trog.
 29752 | Lair:5   | Found a viscous altar of Jiyva.
 29752 | Lair:5   | Found a staircase to the Slime Pits.
 29863 | Lair:6   | Entered Level 6 of the Lair of Beasts
 30056 | Lair:6   | Reached skill level 5 in Transmutations
 31232 | Lair:6   | Upgraded the game from 0.25-a0-647-gd602d06ee1 to
                  | 0.25-a0-657-ge95d391c20
 31311 | Lair:6   | Reached skill level 5 in Armour
 31653 | Lair:6   | Reached skill level 10 in Fighting
 32057 | Lair:6   | Learned a level 7 spell: Orb of Destruction
 33456 | Lair:6   | Reached skill level 15 in Conjurations
 34307 | Orc:1    | Entered Level 1 of the Orcish Mines
 34652 | Orc:2    | Entered Level 2 of the Orcish Mines
 34652 | Orc:2    | Noticed Urug
 34671 | Orc:2    | Killed Urug
 35184 | Orc:2    | Noticed Erolcha
 35188 | Orc:2    | Noticed Nessos
 35333 | Orc:1    | Killed Erolcha
 35420 | Orc:2    | Killed Nessos
 35551 | Orc:2    | Found a staircase to the Elven Halls.
 35643 | Orc:2    | Reached skill level 16 in Conjurations
 36065 | Orc:2    | Reached XP level 15. HP: 82/92 MP: 18/29
 36903 | Orc:1    | Reached skill level 17 in Conjurations
 37149 | Orc:2    | Learned a level 5 spell: Iskenderun's Battlesphere
 37164 | Orc:2    | Found Zetse Gos's General Store.
 37165 | Orc:2    | Found Ypenlu's Gadget Shop.
 37170 | Orc:2    | Found Taqioske's Assorted Antiques.
 37179 | Orc:2    | Found Gybb's Food Boutique.
 38433 | Snake:1  | Entered Level 1 of the Snake Pit
 39109 | Snake:1  | Reached skill level 10 in Spellcasting
 39786 | Snake:1  | Identified the Handbook of Freezing Summoning
 40703 | D:12     | Found Samep's Antique Weapon Shoppe.
 40706 | D:12     | Bought a twisted spear for 192 gold pieces
 40708 | D:12     | Identified the +10 spear of the Lair of Beasts {pain, rC+}
                  | (You bought it in a shop on level 12 of the Dungeon)
 41144 | D:12     | Reached skill level 1 in Shields
 42181 | D:13     | Found a gate to the Vaults.
 42322 | D:12     | Reached XP level 16. HP: 67/98 MP: 28/31
 42546 | D:13     | Found a frozen archway.
 42571 | IceCv    | Entered an ice cave
 43330 | IceCv    | Found the +2 robe of Vines {NoPotionHeal Regen+7}
 43345 | IceCv    | Identified a scroll of acquirement
 43357 | IceCv    | Got a polished hunting sling
 43417 | IceCv    | Identified the amulet of Ehist {Regen+ Int+4} (You acquired
                  | it in an ice cave)
 43625 | D:13     | Identified the +6 hunting sling "Xymelian" {flame, rElec
                  | rPois} (You found it in an ice cave)
 43989 | D:13     | Found a shimmering blue altar of Sif Muna.
 44342 | D:11     | Bought a scroll of brand weapon for 240 gold pieces
 44343 | D:11     | hmmm
 45220 | D:14     | Found a basalt altar of Yredelemnul.
 45375 | D:14     | Reached skill level 18 in Conjurations
 45986 | D:15     | Entered Level 15 of the Dungeon
 46429 | D:15     | Got a polished scale mail
 46481 | D:15     | Identified the +1 scale mail of Elyvilon's Hatred {rF+ MR+}
                  | (You found it on level 15 of the Dungeon)
 46780 | D:15     | Reached skill level 1 in Charms
 47252 | D:15     | Learned a level 1 spell: Summon Butterflies
 47782 | D:15     | Found a staircase to the Depths.
 48574 | Snake:1  | Reached XP level 17. HP: 55/106 MP: 8/32
 49925 | D:11     | Bought a scroll of remove curse for 36 gold pieces
 49925 | D:11     | Bought a scroll of identify for 24 gold pieces
 49925 | D:11     | Bought a scroll of identify for 24 gold pieces
 49925 | D:11     | Bought a scroll of identify for 24 gold pieces
 54918 | Snake:3  | Upgraded the game from 0.25-a0-657-ge95d391c20 to
                  | 0.25-a0-661-g55ea3d2053
 55635 | Snake:3  | Reached skill level 10 in Maces & Flails
 55778 | Snake:3  | Reached skill level 15 in Dodging
 55899 | Snake:3  | Found Pilaggum's Food Shop.
 55940 | Snake:3  | Reached skill level 19 in Conjurations
 55940 | Snake:3  | Reached XP level 18. HP: 96/113 MP: 33/35
 56481 | Snake:4  | Entered Level 4 of the Snake Pit
 57625 | Snake:4  | Found Xuevyfeur's General Store.
 57626 | Snake:4  | Found Eramoita's Distillery.
 57626 | Snake:4  | Found Inkam's Book Emporium.
 57778 | Snake:4  | Found Bouqeot's Gadget Shoppe.
 57782 | Snake:4  | Bought a potion of heal wounds for 90 gold pieces
 57782 | Snake:4  | Bought a potion of heal wounds for 90 gold pieces
 57782 | Snake:4  | Bought a potion of curing for 54 gold pieces
 57782 | Snake:4  | Bought a potion of curing for 54 gold pieces
 57782 | Snake:4  | Bought a potion of curing for 54 gold pieces
 57788 | Snake:4  | Bought a book of Minor Magic for 220 gold pieces
 57788 | Snake:4  | Bought a manual of Dodging for 1214 gold pieces
 57792 | Snake:4  | Learned a level 3 spell: Conjure Flame
 57796 | Snake:4  | Learned a level 3 spell: Mephitic Cloud
 57799 | Snake:4  | Learned a level 2 spell: Blink
 59415 | Snake:4  | HP: 4/113 [poisoned by a nagaraja (poison arrow)]
 61540 | Snake:4  | sigh
 62334 | Snake:4  | Got a serpentine rune of Zot
 62570 | Vaults:1 | Entered Level 1 of the Vaults
 63902 | Vaults:1 | Reached XP level 19. HP: 84/118 MP: 37/37
 65839 | Vaults:1 | sh
 67378 | Vaults:1 | Gained mutation: You are frail. (-10% HP) [mutagenic glow]
 68005 | Vaults:2 | Noticed Frederick
 68005 | Vaults:2 | Killed from afar by Frederick

Levels and vault maps discovered:
D:1:      lightli_iron_boxes, layout_rooms, minmay_rat_gold_closets
D:2:      layout_rooms, lemuel_coloured_pillars_altar, lemuel_crystal_altar
D:3:      layout_rooms, grunt_temple_overflow_forces_of_nature, demons_altar,
          kiku_gazebo_garden_becter, first_ration, kennysheep_generic_room_12
D:4:      layout_basic, nemelex_xobeh_ov_fountains_minmay,
          dancing_weapons_uskayaw, minmay_temple_entry_mist
D:5:      lemuel_insect_pit, layout_basic, ashenzari_conservatory_becter,
          old_standard_altar, kennysheep_okawaru_gauntlet, serial_shops,
          nicolae_shop_trees, ebering_ghost_sewer_d, kennysheep_generic_room_4,
          uniq_prince_ribbit1, uniq_grinder
D:6:      layout_basic, basic_altar, serial_shops, shop
D:7:      layout_basic, old_standard_altar, uniq_crazy_yiuf_cottage
D:8:      layout_cave_pools, basic_altar, blue_anna_alchemist
          [blue_anna_fruit_fields, blue_anna_fruit_fields],
          minmay_unpleasant_kobolds, uniq_harold
D:9:      minmay_separated_statues, layout_rooms, lemuel_round_altar,
          minivault_25, guppyfry_early_elven_hall
D:10:     layout_rooms, erik_lair_island, chequers_serial_rivers_small_a,
          uniq_erica
D:11:     layout_loops_ring, david_orc_5, basic_altar, serial_shops, shop,
          uniq_maurice
D:12:     layout_roguey, serial_shops, shop, nicolae_underground_beach
D:13:     layout_rooms, erik_vaults_2, basic_altar, portal_ice_cave_entry_imps,
          st_stairs_13
D:14:     layout_long_grid, amethyst_killhole, basic_altar
D:15:     grunt_enter_depths_snipers, layout_gridville, grunt_decor_one_mirror,
          nrook_pool_corridor
Lair:1:   layout_misc_corridors
Lair:2:   regret_index_wax_grids, layout_chaotic_city,
          minmay_shoals_entry_beasts, lemuel_fruit_fields, grunt_megastairs_2
Lair:3:   layout_small_grid, dummy_snake_entry, gammafunk_ghost_ooze,
          chequers_serial_rivers_large_a, minmay_lair_oklob_chamber
Lair:4:   gammafunk_mikee_crab_dinner, layout_cave_pods, basic_altar,
          grunt_megastairs_1
Lair:5:   layout_regular_city, dpeg_slime_entry_enclosed_altar,
          gammafunk_ghost_wrathful_warriors, st_stairs_8
Lair:6:   evilmike_catoblepas_cave, layout_cave_pods, minmay_lair_drake_nest
Snake:1:  layout_layer_cave, hangedman_venom_bottle, grunt_megastairs_4
Snake:2:  layout_cave_pods, drop_trap, guppyfry_snake_island
Snake:3:  layout_onion, serial_shops, shop, serial_bayou_shore_b
Snake:4:  johnstein_snake_rune_scales, layout_onion_interference,
          minmay_shoptagon
Orc:1:    layout_caves
Orc:2:    st_orc_open, layout_diamond_mine, mines3_lemuel, uniq_erolcha,
          uniq_urug, uniq_nessos
Vaults:1: grunt_vaults_hallway_short, dpeg_vaults_monster_row, vaults_room_grid,
          v_alt_pattern_6, vaults_room_fours, nicolae_vaults_ring_of_whatevers,
          layout_vaults_omnigrid
Vaults:2: st_cross, v_pattern_3, vaults_room_door_ring, vaults_standard_mumra_x,
          v_misc_19, nicolae_vaults_little_squares_1, v_misc_18,
          hangedman_vaults_nails, v_misc_33, dpeg_vaults_monster_box,
          vaults_dpeg_diagonal, nicolae_vaults_specimen_jars,
          layout_vaults_maze_bifur, serial_shops, nicolae_shop_stone,
          uniq_frederick, uniq_bai_suzhen, uniq_boris

Skill      XL: |  1  2  3  4  5  6  7  8  9 10 11 12 13 14 15 16 17 18 19 |
---------------+----------------------------------------------------------+-----
Dodging        | 3 4 5 7 8 9 10 11 12 13 14 15 17 18 | 18.6
Conjurations   | 6 7 8 9 10 11 13 14 16 17 18 19 | 19.0
Fighting       | 3 5 7 9 10 11 12 13 | 13.1
Hexes          | 2 3 5 |  5.0
Translocations | 4 |  4.0
Spellcasting   | 5 7 9 10 12 13 14 | 14.0
Armour         | 2 4 7 8 9 |  9.0
Evocations     | 5 |  5.0
Maces & Flails | 3 6 7 8 10 12 | 12.0
Transmutations | 4 5 |  5.0
Shields        | 4 |  4.0
Charms         | 3 |  3.0
Stealth        | |  2.0

Action                   |  1- 3 |  4- 6 |  7- 9 | 10-12 | 13-15 | 16-18 | 19-21 || total
-------------------------+-------+-------+-------+-------+-------+-------+-------++-------
Melee: Dagger            |     2 |       |   108 |   303 |       |       |       ||   413
       Kick              |    10 |     7 |    39 |   131 |   429 |   370 |    90 ||  1076
       Short sword       |    41 |       |       |       |       |       |       ||    41
       Peck              |     6 |     7 |    32 |    71 |   250 |   262 |    77 ||   705
       Long sword        |    10 |    30 |     3 |       |       |       |       ||    43
       Halberd           |       |       |    61 |       |       |       |       ||    61
       Hand axe          |       |       |       |    96 |       |       |       ||    96
       Whip              |       |       |       |    88 |  1244 |   638 |       ||  1970
       Scimitar          |       |       |       |       |    24 |       |       ||    24
       Spear             |       |       |       |       |    56 |       |       ||    56
       Eveningstar       |       |       |       |       |       |   642 |   328 ||   970
 Fire: Hunting sling     |     4 |    83 |    65 |       |       |       |       ||   152
       Shortbow          |       |       |    97 |     2 |       |       |       ||    99
Throw: Javelin           |       |       |       |    13 |       |     1 |       ||    14
       Stone             |       |       |       |     8 |       |       |       ||     8
 Cast: Magic Dart        |    60 |    36 |    40 |    74 |    60 |   119 |     9 ||   398
       Searing Ray       |     1 |    11 |    41 |    97 |    84 |    68 |       ||   302
       Fulminant Prism   |       |       |       |     1 |     2 |    36 |       ||    39
       Iskenderun's Myst |       |       |       |    43 |    34 |    14 |    13 ||   104
       Dazzling Flash    |       |       |       |     1 |    38 |     9 |       ||    48
       Irradiate         |       |       |       |       |    45 |    82 |    18 ||   145
       Orb of Destructio |       |       |       |       |     3 |    36 |     4 ||    43
       Iskenderun's Batt |       |       |       |       |       |    51 |       ||    51
       Conjure Flame     |       |       |       |       |       |    13 |       ||    13
       Mephitic Cloud    |       |       |       |       |       |     2 |       ||     2
       Summon Butterflie |       |       |       |       |       |     1 |       ||     1
 Abil: Fly               |       |     1 |       |       |       |       |       ||     1
Evoke: Wand              |       |       |       |     3 |     2 |       |       ||     5
  Use: Scroll            |       |       |     6 |     9 |    18 |    13 |     2 ||    48
       Potion            |       |       |     2 |       |       |     9 |     5 ||    16
 Stab: Sleeping          |     2 |       |       |       |     3 |       |       ||     5
       Invisible         |       |       |       |       |    24 |     4 |       ||    28
       Paralysed         |       |       |       |       |    12 |       |       ||    12
       Distracted        |       |       |       |       |       |     1 |       ||     1
  Eat: Chunk             |     4 |     7 |    17 |    41 |    48 |    31 |    10 ||   158
       Ration            |       |       |     2 |     2 |     8 |    23 |     2 ||    37
Armor: Robe              |     2 |       |       |       |       |       |       ||     2
       Ring mail         |     9 |    10 |    51 |   106 |   250 |   183 |    30 ||   639
       Acid dragon scale |       |       |       |       |       |       |    34 ||    34
Dodge: Dodged            |    34 |    34 |   224 |   660 |  1734 |  1109 |   318 ||  4113
Block: Buckler           |       |       |       |       |    10 |   439 |   111 ||   560
       Rpst.: Long sword |     5 |     5 |       |       |       |       |       ||    10
       Scimitar          |       |       |       |       |     9 |       |       ||     9

Table legend:
 A = Non-vault XP
 B = Vault XP
 C = Vault XP percentage of total XP
 D = Non-vault monster count
 E = Vault monster count
 F = Vault count percentage of total count
                 A         B        C        D         E       F
            +---------+---------+-------+---------+---------+-------
      Total |  237159 |  120348 |  33.7 |     899 |     326 |  26.6
            +---------+---------+-------+---------+---------+-------
        D:1 |      42 |       8 |  16.0 |      22 |       8 |  26.7
        D:2 |      21 |       0 |   0.0 |      11 |       0 |   0.0
        D:3 |      62 |     124 |  66.7 |      24 |       4 |  14.3
        D:4 |     485 |       0 |   0.0 |      36 |       0 |   0.0
        D:5 |    1007 |     567 |  36.0 |      23 |       4 |  14.8
        D:6 |    1274 |       0 |   0.0 |      33 |       0 |   0.0
        D:7 |    1969 |    1071 |  35.2 |      33 |       2 |   5.7
        D:8 |    1396 |     109 |   7.2 |      29 |       7 |  19.4
        D:9 |    2415 |     855 |  26.1 |      21 |       2 |   8.7
       D:10 |    2273 |    1457 |  39.1 |      24 |       8 |  25.0
       D:11 |    4860 |    1409 |  22.5 |      24 |      23 |  48.9
       D:12 |    8728 |    1827 |  17.3 |      46 |       5 |   9.8
       D:13 |    7583 |    7301 |  49.1 |      22 |      22 |  50.0
       D:14 |   14510 |       0 |   0.0 |      45 |       0 |   0.0
       D:15 |   11977 |    3004 |  20.1 |      23 |       3 |  11.5
     Lair:1 |    3136 |     303 |   8.8 |      14 |       2 |  12.5
     Lair:2 |    6373 |    7158 |  52.9 |      27 |      49 |  64.5
     Lair:3 |    4239 |       0 |   0.0 |      16 |       0 |   0.0
     Lair:4 |    3615 |     145 |   3.9 |      12 |       1 |   7.7
     Lair:5 |    9024 |    2442 |  21.3 |      31 |       5 |  13.9
     Lair:6 |    5865 |   11148 |  65.5 |      20 |      24 |  54.5
    Snake:1 |   21278 |    1798 |   7.8 |      45 |       7 |  13.5
    Snake:2 |   21258 |    1515 |   6.7 |      45 |       2 |   4.3
    Snake:3 |   37170 |       0 |   0.0 |      69 |       0 |   0.0
    Snake:4 |   11032 |   41466 |  79.0 |      20 |      68 |  77.3
      Orc:1 |    5159 |   10738 |  67.5 |      44 |      21 |  32.3
      Orc:2 |    6546 |    8792 |  57.3 |      52 |      20 |  27.8
   Vaults:1 |   37102 |    8641 |  18.9 |      75 |      15 |  16.7
   Vaults:2 |    6760 |    5242 |  43.7 |      13 |      13 |  50.0
      IceCv |       0 |    3228 | 100.0 |       0 |      11 | 100.0
            +---------+---------+-------+---------+---------+-------
